 Dungeon Crawl Stone Soup version 0.22-a0-458-gb446440 (webtiles) character file.

794 nikopol the Magician (level 7, -7/36 HPs)
             Began as a Deep Elf Fire Elementalist on June 8, 2018.
             Mangled by a centaur (10 damage)
             ... on level 5 of the Dungeon.
             The game lasted 00:10:52 (4925 turns).

nikopol the Magician (Deep Elf Fire Elementalist)   Turns: 4925, Time: 00:10:53

Health: -7/36      AC:  3    Str:  5    XL:     7   Next: 58%
Magic:  4/19       EV: 14    Int: 26    God:
Gold:   124        SH:  0    Dex: 15    Spells: 9/19 levels left

rFire    . . .     SeeInvis .   (no weapon)
rCold    . . .     Gourm    .   (no shield)
rNeg     . . .     Faith    .   a - +1 robe
rPois    .         Spirit   .   (no helmet)
rElec    .         Reflect  .   (no cloak)
rCorr    .         Harm     .   (no gloves)
MR       +....                  (no boots)
Stlth    ++........             (no amulet)
HPRegen  0.12/turn              d - ring of protection from magic
MPRegen  0.16/turn              k - +4 ring of intelligence

@: no status effects
A: no striking features
a: no special abilities


You were on level 5 of the Dungeon.
You were not hungry.

You visited 1 branch of the dungeon, and saw 5 of its levels.

You collected 124 gold pieces.

Inventory:

Armour
 a - a +1 robe (worn)
Jewellery
 d - a ring of protection from magic (left hand)
 k - a +4 ring of intelligence (right hand)
Wands
 g - a wand of digging (17)
Scrolls
 b - 6 scrolls of identify
 e - a scroll of teleportation
 h - a scroll of enchant weapon
 i - a scroll of immolation
 j - 2 scrolls of amnesia
Potions
 o - 2 potions of heal wounds
 q - a potion of brilliance {unknown}
 r - a potion of ambrosia {unknown}
Comestibles
 c - 7 rations
 n - 3 chunks of flesh


   Skills:
 + Level 0.3 Fighting
 + Level 3.4 Dodging
 + Level 3.6 Stealth
 + Level 6.7 Spellcasting
 + Level 4.7 Conjurations
 + Level 6.1 Fire Magic


You had 9 spell levels left.
You knew the following spells:

 Your Spells              Type           Power        Failure   Level  Hunger
a - Flame Tongue          Conj/Fire      #####        1%          1    None
b - Throw Flame           Conj/Fire      #####.       1%          2    None
c - Conjure Flame         Conj/Fire      #####...     1%          3    None
d - Sticky Flame          Conj/Fire      #####...     7%          4    ###....

Your spell library contained the following spells:

 Spells                   Type           Power        Failure   Level  Hunger
 Fireball                 Conj/Fire      #####.....   19%         5    #####..
 Inner Flame              Hex/Fire       ###.....     5%          3    None


Dungeon Overview and Level Annotations

Branches:
Dungeon (5/15)
 Temple: D:4-7

Altars:
Trog
The Shining One


Message History

The centaur hits you but does no damage.
Casting: Sticky Flame (safe; 8% risk of failure)
Confirm with . or Enter, or press ? or * to list all spells.
Aiming: Flame Tongue (safe; 1% risk of failure)
Press: ? - help, Shift-Dir - straight line, f/p - centaur
Aim: a centaur (heavily wounded, covered in liquid flames)
The flame tongue misses the centaur.
The centaur burns! x2
You kill the centaur!
The centaur wields a shortbow.
The centaur shoots an arrow.
The arrow hits you!
* * * LOW HITPOINT WARNING * * *
The centaur barely misses you. x2
Casting: Flame Tongue (safe; 1% risk of failure)
Confirm with . or Enter, or press ? or * to list all spells.
Aiming: Flame Tongue (safe; 1% risk of failure)
Press: ? - help, Shift-Dir - straight line, f/p - centaur
Aim: a centaur (heavily wounded, covered in liquid flames)
The flame tongue hits the centaur.
The centaur appears unharmed.
The centaur is heavily wounded.
The centaur burns!
The centaur hits you!
You die...

......# ###......#......,,,,,,,,,
,..<#.###................,,*,,,,,
,,..#.#...(.....#........,,,,,,,,
,,#...#+#..#.##.#........,,,,*,,,
###.#.+_+.....#..........,,,,,,,,
......#+#......##..c..!..,,,8,,,,
.....>..........#........,,,,,,,,
.÷.......................,8,∩,8,,
<...#...........@(.......,,,,,,,,
....#....†.....c#).......,,,8,,,,
....##....(.....#.#......,**,,,,,
#######...............#..,**,,,,,
*#........##.#...#,.,,*,,,,,
#..........#.#....)**,,,*,,,
#..........#.#,....#***,,,,,
#..........#.#,.....* **,,,,
*,,,,,,,,,,*,,,*,,*** *,,,,


You could see 2 centaurs.

Vanquished Creatures
  The ghost of gmonis the Cudgeler, an amateur HOBe of Trog (D:3)
  Menkaure (D:5)
  A centaur (D:5)
  A scorpion (D:4)
  2 hounds (D:4)
  An orc priest (D:4)
  Ijyb (D:4)
  An orc wizard (D:4)
  A worker ant (D:4)
  13 adders
  An ooze (D:1)
  An adder skeleton (D:4)
  4 worms
  A dart slug (D:1)
  5 leopard geckos
  11 orcs
  3 giant cockroaches
  8 goblins
  4 hobgoblins
  10 jackals
  7 kobolds
  4 quokkas
  A ball python (D:2)
  A ball python zombie (D:5)
  4 bats
  7 frilled lizards
  12 rats
107 creatures vanquished.

Notes
Turn   | Place    | Note
-------+----------+-------------------------------------------
     0 | D:1      | nikopol the Deep Elf Fire Elementalist began the quest for the Orb.
     0 | D:1      | Reached XP level 1. HP: 10/10 MP: 6/6
   221 | D:1      | Reached XP level 2. HP: 14/15 MP: 4/8
   543 | D:1      | Reached XP level 3. HP: 17/19 MP: 3/9
   549 | D:1      | Learned a level 2 spell: Throw Flame
   553 | D:1      | Learned a level 3 spell: Conjure Flame
  1280 | D:2      | Reached XP level 4. HP: 16/24 MP: 3/11
  2175 | D:3      | Noticed gmonis's ghost (amateur HOBe)
  2298 | D:3      | Reached skill level 5 in Fire Magic
  2442 | D:3      | Reached XP level 5. HP: 25/28 MP: 7/13
  2817 | D:3      | Found a glowing golden altar of the Shining One.
  2919 | D:3      | Killed gmonis's ghost
  2919 | D:3      | Reached XP level 6. HP: 32/32 MP: 0/15
  2925 | D:3      | Learned a level 4 spell: Sticky Flame
  3104 | D:3      | Found a bloodstained altar of Trog.
  3777 | D:4      | Noticed Ijyb
  3782 | D:3      | Reached skill level 5 in Spellcasting
  3806 | D:4      | Killed Ijyb
  4443 | D:4      | Reached XP level 7. HP: 36/36 MP: 15/18
  4672 | D:5      | Entered Level 5 of the Dungeon
  4704 | D:5      | Noticed Menkaure
  4894 | D:5      | Killed Menkaure
  4925 | D:5      | Mangled by a centaur

Vault maps used:
D:1:      nzn_arrival_settlement, serial_bayou_lagoon_a, bh_walls_and_bars
D:2:      wad_river_or_something, first_ration
D:3:      old_standard_altar, trog_butcher_becter
D:4:      uniq_ijyb
D:5:      kennysheep_mini, chequers_temple_overflow_minitemple, serial_shops,
          shop, nicolae_ossuary_entry_monument, uniq_duvessa, uniq_edmund,
          uniq_menkaure

Skill      XL: |  1  2  3  4  5  6  7 |
---------------+----------------------+-----
Fire Magic     | 4 5 6 |  6.1
Conjurations   | 2 3 4 |  4.7
Spellcasting   | 4 6 |  6.7
Dodging        | 3 |  3.4
Stealth        | 3 |  3.6
Fighting       | |  0.3

Action                   |  1- 3 |  4- 6 |  7- 9 || total
-------------------------+-------+-------+-------++-------
Melee: Unarmed           |     2 |       |       ||     2
 Cast: Flame Tongue      |    54 |   130 |    25 ||   209
       Throw Flame       |       |     4 |     1 ||     5
       Conjure Flame     |       |     2 |       ||     2
       Sticky Flame      |       |     1 |     4 ||     5
  Use: Scroll            |       |       |     9 ||     9
  Eat: Chunk             |     1 |     6 |     2 ||     9
       Ration            |       |     1 |       ||     1
Armor: Robe              |     1 |     2 |     7 ||    10
Dodge: Dodged            |    21 |    19 |     9 ||    49

Table legend:
 A = Spawn XP
 B = Non-spawn XP
 C = Spawn XP percentage of total XP
 D = Spawn monster count
 E = Non-spawn monster count
 F = Spawn count percentage of total count
 G = Total turns spent on level
                    A         B        C        D         E        F      G
               +---------+---------+-------+---------+---------+-------+---------
         Total |       0 |    1135 |   0.0 |       0 |     107 |   0.0 |  4925
               +---------+---------+-------+---------+---------+-------+---------
           D:1 |       0 |      50 |   0.0 |       0 |      24 |   0.0 |  1020
           D:2 |       0 |     124 |   0.0 |       0 |      27 |   0.0 |  1619
           D:3 |       0 |     286 |   0.0 |       0 |      27 |   0.0 |  1159
           D:4 |       0 |     373 |   0.0 |       0 |      22 |   0.0 |  1048
           D:5 |       0 |     302 |   0.0 |       0 |       7 |   0.0 |    79
               +---------+---------+-------+---------+---------+-------+---------
